 Dungeon Crawl Stone Soup version 0.25.0-65-g31bcc41 (webtiles) character file.

1396 Dorkslayer the Covered (level 8, -2/52 HPs)
             Began as a Gargoyle Fighter on Nov 8, 2020.
             Killed by divine providence
             ... invoked by an orc priest
              (9 damage)
             ... on level 1 of the Dungeon.
             The game lasted 00:00:49 (91 turns).

Dorkslayer the Covered (Gargoyle Fighter)             Turns: 91, Time: 00:00:49

Health: -2/52      AC: 13    Str: 22    XL:     8   Next: 68%
Magic:  8/8        EV:  8    Int:  9    God:
Gold:   7          SH: 10    Dex:  9    Spells: 7/7 levels left

rFire    . . .     SeeInvis .   a - +0 long sword
rCold    . . .     Gourm    .   c - +0 shield
rNeg     + . .     Faith    .   b - +0 scale mail
rPois    ∞         Spirit   .   (no helmet)
rElec    +         Reflect  .   (no cloak)
rCorr    .         Harm     .   (no gloves)
MR       .....                  (no boots)
Stlth    ..........             e - amulet of rage
HPRegen  0.17/turn              (no ring)
MPRegen  0.11/turn              (no ring)

@: berserk cooldown, slowed, very slow
A: negative energy resistance 1, electricity resistance, unbreathing,
petrification resistance, rot immunity, AC +5
a: Evoke Berserk Rage


You were on level 1 of the Dungeon.
You were not hungry.

You visited 1 branch of the dungeon, and saw 1 of its levels.

You collected 7 gold pieces.

Inventory:

Hand Weapons
 a - a +0 long sword (weapon)
Armour
 b - a +0 scale mail (worn)
 c - a +0 shield (worn)
Jewellery
 e - an amulet of rage (around neck)
Scrolls
 g - a scroll of immolation {unknown}
Comestibles
 d - 2 chunks of flesh
 f - 3 rations


   Skills:
 + Level 6.7 Fighting
 + Level 3.6 Long Blades
 + Level 7.1 Armour
 + Level 1.0 Dodging
 + Level 6.6 Shields
 + Level 0.5 Evocations


You had 7 spell levels left.
You didn't know any spells.
Your spell library was empty.

Dungeon Overview and Level Annotations

Branches:
Dungeon (1/3)
 Temple: D:1

Altars:
Zin


Innate Abilities, Weirdness & Mutations

You are resistant to torment.
Your stone body is resilient. (AC +5)
You are immune to poison.
You resist negative energy. (rN+)
You are resistant to electric shocks. (rElec)
You can survive without breathing.
You are immune to petrification.
You are immune to rotting.


Message History

The orc priest is severely wounded.
The orc priest hits you but does no damage.
You block the worker ant's attack. The worker ant bites you.
* * * LOW HITPOINT WARNING * * *
The orc priest hits you with a +0 flail.
* * * LOW HITPOINT WARNING * * *
You closely miss the orc priest.
The orc priest is severely wounded.
The worker ant bites you but does no damage.
The orc priest hits you with a +0 flail.
* * * LOW HITPOINT WARNING * * *
You block the worker ant's attack.
You hit the orc priest.
The orc priest is severely wounded.
You block the worker ant's attack.
The orc priest hits you but does no damage.
The worker ant bites you but does no damage.
The orc priest invokes the aid of Beogh against you.
Beogh smites you!
You die...

.............
.......8..8..
............. .
#.########### ..
..##.......# ...
..>........# ...
..#........# .. .
..##.......########.#....
..##..........)(@o._(.#
####..÷....######a#.###
#.......# ### .#
#.......# # #.....).#
#...(...# #########


You could see a worker ant and an orc priest.

Vanquished Creatures
  An orc warrior (D:1)
  A bullfrog (D:1)
  An orc priest (D:1)
  A hound (D:1)
  An orc wizard (D:1)
  A bullfrog skeleton (D:1)
  3 orcs (D:1)
  A quokka (D:1)
10 creatures vanquished.

Notes
Turn   | Place    | Note
-------+----------+-------------------------------------------
     0 | D:1      | Dorkslayer the Gargoyle Fighter began the quest for the
                  | Orb.
     0 | D:1      | Reached XP level 1. HP: 14/14 MP: 1/1
    18 | D:1      | Noticed a bullfrog
    24 | D:1      | Killed a bullfrog
    24 | D:1      | Reached skill level 5 in Fighting
    24 | D:1      | Reached skill level 5 in Armour
    24 | D:1      | Reached skill level 5 in Shields
    24 | D:1      | Reached XP level 2. HP: 21/21 MP: 2/2
    24 | D:1      | Reached XP level 3. HP: 26/26 MP: 3/3
    24 | D:1      | Reached XP level 4. HP: 31/31 MP: 4/4
    24 | D:1      | Reached XP level 5. HP: 35/35 MP: 5/5
    24 | D:1      | Reached XP level 6. HP: 40/40 MP: 6/6
    32 | D:1      | Reached XP level 7. HP: 39/44 MP: 7/7
    53 | D:1      | Found a glowing silver altar of Zin.
    66 | D:1      | Reached skill level 6 in Armour
    66 | D:1      | Reached XP level 8. HP: 51/51 MP: 8/8
    85 | D:1      | Reached skill level 7 in Armour
    88 | D:1      | Reached skill level 1 in Dodging
    91 | D:1      | Killed from afar by an orc priest

Skill      XL: |  1  2  3  4  5  6  7  8 |
---------------+-------------------------+-----
Fighting       | 5 6 |  6.7
Long Blades    | 2 3 |  3.6
Armour         | 5 6 7 |  7.1
Shields        | 5 6 |  6.6
Dodging        | 1 |  1.0
Evocations     | |  0.5

Action                   |  1- 3 |  4- 6 |  7- 9 || total
-------------------------+-------+-------+-------++-------
Melee: Long sword        |     3 |     4 |    26 ||    33
Throw: Tomahawk          |       |       |     1 ||     1
 Abil: Evoke Berserk Rag |       |       |     1 ||     1
  Use: Potion            |     1 |       |       ||     1
Armor: Scale mail        |     3 |     1 |    18 ||    22
Dodge: Dodged            |       |     2 |    10 ||    12
Block: Shield            |     3 |     1 |    23 ||    27
       Rpst.: Long sword |       |       |     3 ||     3
